 Dungeon Crawl Stone Soup version 0.28.0-53-g5a82cb258f (webtiles) character file.

Game seed: 10739725903995048625

657 jamesp the Conjurer (level 7, -1/57 HPs)
             Began as a Green Draconian Conjurer on Aug 2, 2022.
             Slain by a water moccasin (2 damage)
             ... on level 5 of the Dungeon.
             The game lasted 00:19:36 (4734 turns).

jamesp the Conjurer (Green Draconian Conjurer)      Turns: 4734, Time: 00:19:39

Health: -1/57      AC: 10    Str:  9    XL:     7   Next: 29%
Magic:  14/14      EV: 12    Int: 16    God:
Gold:   147        SH:  0    Dex: 12    Spells: 12/15 levels left

rFire   . . .      SeeInvis .   a - +2 quarterstaff (chaos)
rCold   . . .      Faith    .   (shield currently unavailable)
rNeg    . . .      Spirit   .   (armour unavailable)
rPois   +          Reflect  .   (helmet restricted)
rElec   .          Harm     .   t - +2 cloak
rCorr   .          Rampage  .   (no gloves)
Will    .....                   h - +0 pair of boots
Stlth   ++........              (no amulet)
HPRegen 0.19/turn               (no ring)
MPRegen 0.14/turn               (no ring)

@: no status effects
A: breathe noxious fumes, AC +6, unfitting armour, poison resistance,
cold-blooded, stinger 1, talons 1, dopey 1
a: Breathe Noxious Fumes


You were on level 5 of the Dungeon.
You visited 1 branch of the dungeon, and saw 5 of its levels.
You also visited: Sewer.

You collected 147 gold pieces.

Inventory:

Hand Weapons
 a - a +2 quarterstaff of chaos (weapon)
 e - a +0 dagger of speed
 m - a +0 scythe
 o - a +1 dagger of draining
 s - a +0 whip
Missiles
 b - 10 stones
 g - 19 bolts
 k - 28 arrows
 n - 22 sling bullets
 v - 8 poisoned darts
Armour
 h - a +0 pair of boots (worn)
 t - a +2 cloak (worn)
Jewellery
 d - an amulet of guardian spirit
Wands
 u - a wand of flame (14)
Scrolls
 c - 2 scrolls of identify {unknown}
 f - a scroll of torment {unknown}
 j - 2 scrolls of fear {unknown}
 r - a scroll of holy word {unknown}
 y - a scroll of vulnerability {unknown}
Potions
 i - a potion of berserk rage {unknown}
 l - a potion of attraction {unknown}
 p - a potion of brilliance {unknown}
 q - 2 potions of resistance {unknown}
 w - 2 potions of heal wounds
 x - a potion of mutation
 z - a potion of invisibility {unknown}


   Skills:
 + Level 3.0 Fighting
 - Level 3.0 Dodging
 - Level 1.7 Stealth
 + Level 4.8 Spellcasting
 + Level 6.3 Conjurations


You had 12 spell levels left.
You knew the following spells:

 Your Spells              Type           Power      Damage    Failure   Level
a - Magic Dart            Conj           96%        1d7       1%          1
b - Searing Ray           Conj           48%        2d6       1%          2

Your spell library contained the following spells:

 Spells                   Type           Power      Damage    Failure   Level
 Shock                    Conj/Air       52%        1d6       4%          1
 Static Discharge         Conj/Air       13%        N/A       6%          2
 Dazzling Flash           Conj/Hex       26%        N/A       13%         3
 Fulminant Prism          Conj/Hex       6%         3d7       38%         4
 Iskenderun's Mystic Bla  Conj/Tloc      13%        2d5       38%         4
 Anguish                  Hex/Necr       1%         N/A       83%         4
 Summon Mana Viper        Hex/Summ       3%         N/A       99%         5


Dungeon Overview and Level Annotations

Branches:
Dungeon (5/15)              Sewer (visited)
 Temple: D:4-7

Altars:
Sif Muna
Vehumet

Annotations:
D:4 1 runed translucent door


Innate Abilities, Weirdness & Mutations

You can breathe blasts of noxious fumes.
Your lurid green scales are hard. (AC +6)
You cannot fit into any form of body armour.
Your system is resistant to poisons. (rPois)
You are cold-blooded and may be slowed by cold attacks.
Your tail ends in a venomous barb.
You have sharp toenails.
You are dopey. (Int -2)


Message History

The water moccasin closely misses you.
You hit the water moccasin.
The water moccasin seems to grow stronger.
The water moccasin is moderately wounded.
The water moccasin is no longer moving slowly.
The water moccasin misses you. The water moccasin bites you.
You hit the water moccasin.
Space warps around the water moccasin.
The water moccasin is heavily wounded.
The water moccasin bites you.
You hit the water moccasin but do no damage.
The water moccasin seems to speed up.
The water moccasin is heavily wounded.
The water moccasin bites you but does no damage. x2
The water moccasin bites you!
You closely miss the water moccasin.
The water moccasin is heavily wounded.
The water moccasin closely misses you.
The water moccasin completely misses you.
The water moccasin bites you but does no damage.
You hit the water moccasin but do no damage.
The water moccasin easily resists.
The water moccasin is heavily wounded.
The water moccasin closely misses you. The water moccasin bites you.
The water moccasin completely misses you.
You barely miss the water moccasin.
Your tail-slap misses the water moccasin.
The water moccasin is heavily wounded.
The water moccasin bites you! The water moccasin closely misses you.
You closely miss the water moccasin.
The water moccasin is heavily wounded.
The water moccasin barely misses you. The water moccasin closely misses you.
The water moccasin bites you!
* * * LOW HITPOINT WARNING * * *
You closely miss the water moccasin.
Your tail-slap misses the water moccasin.
The water moccasin is heavily wounded.
The water moccasin bites you!
* * * LOW HITPOINT WARNING * * *
The water moccasin bites you.
You die...

######## #......#
##+####......#
#...........##
#######......).....#
#....##....##......#
######....##....##.....##
.....O....'.....########
.)..##....##....@S.....#
######....##....##...?..
....##....##....# .....
.....#.....#....# ...#
.....#.....#....# ..#
#'####....##########+###
....########....##.....#
....##....##...........#
.......................#


You could see a water moccasin (fast, strong).

Vanquished Creatures
  Sigmund (D:2)
  An ogre (D:5)
  A kobold brigand (Sewer)
  A jelly (D:5)
  Crazy Yiuf (D:3)
  A gnoll shaman (D:2)
  An orc wizard (D:3)
  3 adders
  4 gnolls
  A howler monkey skeleton (D:3)
  5 river rats (Sewer)
  A dart slug (D:3)
  6 orcs
  6 endoplasms
  7 giant cockroaches
  8 goblins
  A hobgoblin (D:3)
  3 jackals
  9 quokkas
  10 ball pythons
  4 bats
  2 frilled lizards
  17 kobolds
  20 rats
114 creatures vanquished.

Notes
Turn   | Place    | Note
-------+----------+-------------------------------------------
     0 | D:1      | jamesp the Draconian Conjurer began the quest for the Orb.
     0 | D:1      | Reached XP level 1. HP: 14/14 MP: 3/3
   140 | D:1      | Found a faded altar of an unknown god.
   260 | D:1      | Reached XP level 2. HP: 20/20 MP: 1/5
  1165 | D:2      | Reached XP level 3. HP: 26/26 MP: 3/6
  1224 | D:2      | Noticed Sigmund
  1632 | D:2      | Found a shimmering blue altar of Sif Muna.
  1704 | D:2      | Killed Sigmund
  1705 | D:2      | Reached skill level 5 in Conjurations
  1705 | D:2      | Reached XP level 4. HP: 12/33 MP: 0/9
  1705 | D:2      | Reached XP level 5. HP: 14/38 MP: 0/10
  2288 | D:3      | Got the Compendium of Flying Malediction
  2581 | D:2      | Learned a level 2 spell: Searing Ray
  2927 | D:3      | Reached XP level 6. HP: 32/43 MP: 9/12
  3373 | D:2      | Reached skill level 1 in Fighting
  3511 | D:3      | Found a runed translucent door.
  3512 | D:3      | Noticed Crazy Yiuf
  3522 | D:3      | Killed Crazy Yiuf
  3973 | D:4      | Found a glowing drain.
  4004 | Sewer    | Entered a sewer
  4131 | Sewer    | Reached skill level 6 in Conjurations
  4324 | Sewer    | Your scales start taking on a lurid green colour.
  4324 | Sewer    | Reached XP level 7. HP: 53/56 MP: 13/13
  4324 | Sewer    | Gained mutation: Your system is resistant to poisons.
                  | (rPois) [Green Draconian growth]
  4527 | Sewer    | Gained mutation: You are dopey. (Int -2) [potion of
                  | mutation]
  4527 | Sewer    | Gained mutation: Your tail ends in a venomous barb. [potion
                  | of mutation]
  4527 | Sewer    | Gained mutation: You have sharp toenails. [potion of
                  | mutation]
  4573 | D:4      | Found a runed translucent door.
  4574 | D:4      | You fall into a shaft and drop 1 floor!
  4574 | D:5      | Entered Level 5 of the Dungeon
  4594 | D:5      | Found a radiant altar of Vehumet.
  4734 | D:5      | HP: 1/57 [water moccasin (13)]
  4734 | D:5      | Slain by a water moccasin

Illustrated notes

Levels and vault maps discovered:
D:1:      heliophobic_arrival_battle_scene, layout_basic,
          nicolae_ecumenical_snake_handling
D:2:      layout_loops_corners, basic_altar, minmay_misc_feat_nine_boxes,
          uniq_sigmund
D:3:      layout_rooms, uniq_crazy_yiuf_cottage
D:4:      layout_cave_pods, slow_altar_2, minmay_temple_entry_waves,
          ebering_ghost_sewer_d, gup_sewer_entry_pipe
D:5:      layout_gridville, nicolae_dithmenos_through_a_glass_darkly,
          fiery_altar_vehumet, serial_shops, nicolae_shop_crystal

Skill      XL: |  1  2  3  4  5  6  7 |
---------------+----------------------+-----
Dodging        | 2 3 |  3.0
Spellcasting   | 3 4 |  4.8
Conjurations   | 5 6 |  6.3
Fighting       | 2 3 |  3.0
Stealth        | |  1.7

Action                   |  1- 3 |  4- 6 |  7- 9 || total
-------------------------+-------+-------+-------++-------
Melee: Unarmed           |     3 |       |       ||     3
       Tailslap          |     2 |    17 |     4 ||    23
       Whip              |     1 |       |       ||     1
       Punch             |     1 |       |       ||     1
       Dagger            |    25 |    83 |       ||   108
       Quarterstaff      |       |    68 |    61 ||   129
 Cast: Magic Dart        |    48 |    54 |     2 ||   104
       Searing Ray       |       |     9 |     2 ||    11
 Abil: Breathe Noxious F |       |       |     1 ||     1
  Use: Potion            |       |       |     2 ||     2
 Stab: Sleeping          |     2 |     2 |       ||     4
Armor: Skin              |     4 |    71 |    40 ||   115
Dodge: Dodged            |    12 |   124 |    59 ||   195
